 Dungeon Crawl Stone Soup version 0.30-a0-149-g7f746667c4 (webtiles) character file.

Game seed: 15110334200488176455

105 Darkkill the Grave Robber (level 4, 0/40 HPs)
             Began as a Troll Necromancer on Sept 26, 2022.
             Slain by Crazy Yiuf
             ... wielding a +2 quarterstaff of chaos
              (7 damage)
             ... on level 2 of the Dungeon.
             The game lasted 00:07:57 (1987 turns).

Darkkill the Grave Robber (Troll Necromancer)       Turns: 1987, Time: 00:07:58

Health: 0/40       AC:  5    Str: 16    XL:     4   Next: 53%
Magic:  4/4        EV: 15    Int: 11    God:
Gold:   138        SH:  0    Dex: 12    Spells: 4/5 levels left

rFire   . . .      SeeInvis .      - Unarmed
rCold   . . .      Faith    .    (no shield)
rNeg    . . .      Spirit   .    a - +1 robe
rPois   .          Reflect  .    (helmet restricted)
rElec   .          Harm     .    (no cloak)
rCorr   .          Rampage  .    (gloves unavailable)
Will    .....                    (boots unavailable)
Stlth   ++........               (no amulet)
HPRegen 0.93/turn                (no ring)
MPRegen 0.09/turn                (no ring)

@: mighty, agile
A: large, unfitting armour, claws 3, regeneration 1, shaggy fur 1, tough skin 1
a: no special abilities


You were on level 2 of the Dungeon.
You visited 1 branch of the dungeon, and saw 2 of its levels.

You collected 138 gold pieces.

Inventory:

Missiles
 g - 2 boomerangs
Armour
 a - a +1 robe (worn)
Scrolls
 f - 2 scrolls of poison
Potions
 b - 3 potions of magic
 c - a potion of flight {unknown}
 e - a potion of ambrosia {unknown}


   Skills:
 + Level 0.4 Fighting
 + Level 2.3 Dodging
 + Level 1.1 Stealth
 + Level 2.6 Unarmed Combat
 + Level 1.2 Spellcasting
 + Level 3.7 Necromancy


You had 4 spell levels left.
You knew the following spells:

 Your Spells              Type           Power      Damage    Failure   Level
a - Necrotise             Necr           32%        1d5       7%          1

Your spell library contained the following spells:

 Spells                   Type           Power      Damage    Failure   Level
 Vampiric Draining        Necr           8%         2d6       21%         3
 Animate Dead             Necr           8%         N/A       56%         4
 Agony                    Necr           8%         N/A       88%         5


Dungeon Overview and Level Annotations

Branches:
Dungeon (2/15)

Altars:
Uskayaw

Annotations:
D:2 Crazy Yiuf


Innate Abilities, Weirdness & Mutations

You are too large for most types of armour.
You have claws for hands.
Your natural rate of healing is unusually fast.
You are covered in fur. (AC +1)
You have tough skin. (AC +1)


Message History

Found a hammer.
Found a runed translucent door.
Crazy Yiuf shouts!
You open the door. You barely miss Crazy Yiuf.
Crazy Yiuf hits you with a +2 quarterstaff of chaos!
Crazy Yiuf burns you.
You scratch Crazy Yiuf.
Crazy Yiuf is moderately wounded.
Crazy Yiuf hits you with a +2 quarterstaff of chaos!
You feel agile all of a sudden.
You closely miss Crazy Yiuf.
Crazy Yiuf is moderately wounded.
Crazy Yiuf hits you with a +2 quarterstaff of chaos.
Crazy Yiuf draws strength from your wounds!
You feel better.
Crazy Yiuf hits you with a +2 quarterstaff of chaos!
* * * LOW HITPOINT WARNING * * *
Crazy Yiuf attacks as you move away! Crazy Yiuf barely misses you.
Crazy Yiuf attacks as you move away! Crazy Yiuf barely misses you.
Crazy Yiuf attacks as you move away! Crazy Yiuf misses you.
Crazy Yiuf attacks as you move away! Crazy Yiuf closely misses you.
Crazy Yiuf grits, "Leather!
Cod chair alas."
Crazy Yiuf attacks as you move away! Crazy Yiuf completely misses you.
Crazy Yiuf closely misses you.
Crazy Yiuf yells, "Shadow horse Xom!"
Crazy Yiuf attacks as you move away! Crazy Yiuf barely misses you.
Crazy Yiuf cries, "Goldfish arga shoe!"
Crazy Yiuf attacks as you move away!
Crazy Yiuf hits you with a +2 quarterstaff of chaos!!
* * * LOW HITPOINT WARNING * * *
Crazy Yiuf draws strength from your wounds!
Crazy Yiuf cries, "Ten!"
You scratch Crazy Yiuf.
Crazy Yiuf is moderately wounded.
Crazy Yiuf hits you with a +2 quarterstaff of chaos!
* * * LOW HITPOINT WARNING * * *
You feel very mighty all of a sudden. Crazy Yiuf attacks as you move away!
Crazy Yiuf hits you with a +2 quarterstaff of chaos!
You die...

##############.....#......รทรท....#
.........#.........####.........#
.........#######.#.####.........#
.........#######.#.#.....#......#
...................#.............
.........###.....###............#
..##....###............[........#
...########.....g.........#.#...#
................@.........#.#...#
.###.######............<#.#.#...#
........# #.........#####.#.#...#
..#.###.###.................#..<#
....##.............######.###.###
....##..#..........# #.#......
...###..#......#.########...#####
#.## #.........#.# #....#..###...
#.####.###..####.# #.##.#..##..~.


You could see Crazy Yiuf.

Vanquished Creatures
  An orc priest (D:2)
  Robin (D:2)
  An adder (D:2)
  A dart slug (D:1)
  5 orcs (D:2)
  4 bats
  4 endoplasms
  A giant cockroach (D:2)
  11 goblins
  3 hobgoblins
  2 quokkas
  4 ball pythons
  6 frilled lizards (D:1)
  A kobold (D:2)
  2 rats
47 creatures vanquished.

Vanquished Creatures (others)
  3 plants (D:1)
3 creatures vanquished.

Grand Total: 50 creatures vanquished

Notes
Turn   | Place    | Note
-------+----------+-------------------------------------------
     0 | D:1      | Darkkill the Troll Necromancer began the quest for the Orb.
     0 | D:1      | Reached XP level 1. HP: 16/16 MP: 1/1
   275 | D:1      | Reached XP level 2. HP: 24/24 MP: 2/2
   570 | D:1      | Found a faded altar of an unknown god.
   993 | D:2      | Noticed Robin
  1023 | D:2      | Reached skill level 1 in Unarmed Combat
  1092 | D:2      | Found a hide-covered altar of Uskayaw.
  1145 | D:2      | Reached XP level 3. HP: 30/31 MP: 3/3
  1517 | D:2      | Killed Robin
  1580 | D:2      | Reached XP level 4. HP: 40/40 MP: 4/4
  1954 | D:2      | Found a runed translucent door.
  1955 | D:2      | Noticed Crazy Yiuf
  1987 | D:2      | Slain by Crazy Yiuf

Illustrated notes

Levels and vault maps discovered:
D:1:      onia_arrival_pentagram, layout_loops_corners,
          ebering_ecumenical_altar_abandoned,
          nicolae_concentric_dashed_squares_wild, minmay_lizard_king
D:2:      cheibrodos_pilgrimage, layout_basic, basic_altar,
          uniq_crazy_yiuf_cottage, uniq_robin

Skill      XL: |  1  2  3 |
---------------+----------+-----
Unarmed Combat | 1 2 |  2.6
Dodging        | 2 |  2.3
Fighting       | |  0.4
Stealth        | |  1.1
Spellcasting   | |  1.2
Necromancy     | |  3.7

Action                   |  1- 3 |  4- 6 || total
-------------------------+-------+-------++-------
Melee: Unarmed           |   153 |    25 ||   178
       Punch             |     1 |     2 ||     3
  Use: Scroll            |     7 |       ||     7
       Potion            |     2 |     1 ||     3
Armor: Robe              |    79 |     6 ||    85
Dodge: Dodged            |    84 |    15 ||    99

Table legend: (Time is in decaauts)
 A = Elapsed time spent in this place.
 B = Non-inter-level travel time spent in this place.
 C = Inter-level travel time spent in this place.
 D = Time resting spent in this place.
 E = Time spent auto-exploring this place.
 F = Levels seen in this place.
 G = Mean time per level.
                   A        B        C        D        E       F      G
               +--------+--------+--------+--------+--------+-----+--------+
         Total |   1985 |   1909 |     76 |     18 |      0 |   2 |  992.5 |
       Dungeon |   1985 |   1909 |     76 |     18 |      0 |   2 |  992.5 |
               +--------+--------+--------+--------+--------+-----+--------+

Top non-repeatable levels by time:
     D:2: 1020 daAuts
     D:1: 965 daAuts
